 Dungeon Crawl Stone Soup version 0.29.1-12-g30fa7ad0bf (webtiles) character file.

Game seed: 13442384623504793297

35 zeram the Shooter (level 3, -2/15 (18) HPs)
             Began as a Spriggan Hunter on Dec 30, 2022.
             Slain by Terence
             ... wielding a +4 mace of draining
              (3 damage)
             ... on level 2 of the Dungeon.
             The game lasted 00:03:03 (1669 turns).

zeram the Shooter (Spriggan Hunter)                 Turns: 1669, Time: 00:03:04

HP:   -2/15 (18)    AC:  2    Str:  7    XL:     3   Next: 16%
MP:   4/4           EV: 18    Int: 18    God:
Gold: 52            SH:  0    Dex: 18    Spells: 2/2 levels left

rFire   . . .      SeeInvis +   a - +0 shortbow
rCold   . . .      Faith    .   (shield currently unavailable)
rNeg    . . .      Spirit   .   c - +0 robe
rPois   .          Reflect  .   (helmet restricted)
rElec   .          Harm     .   (no cloak)
rCorr   .          Rampage  .   (gloves unavailable)
Will    .....                   (boots unavailable)
Stlth   ++........              (no amulet)
HPRegen 0.05/turn               n - +6 ring of intelligence
MPRegen 0.09/turn               (no ring)

@: heavily drained, very quick
A: very small, no large weapons, unfitting armour, see invisible, speed 3
a: no special abilities


You were on level 2 of the Dungeon.
You visited 1 branch of the dungeon, and saw 3 of its levels.

You collected 52 gold pieces.

Inventory:

Hand Weapons
 a - a +0 shortbow (weapon)
Armour
 c - a +0 robe (worn)
Jewellery
 d - a ring of ice
 n - a +6 ring of intelligence (left hand)
Scrolls
 b - a scroll of immolation
Potions
 e - a potion of heal wounds {unknown}
 f - a potion of attraction {unknown}
 g - 2 potions of curing {unknown}
 h - a potion of flight {unknown}
 i - a potion of brilliance {unknown}
 j - a potion of mutation {unknown}
 k - 2 potions of lignification
 l - a potion of haste {unknown}


   Skills:
 - Level 1.5 Fighting
 + Level 4.8 Ranged Weapons
 + Level 3.0 Dodging
 + Level 2.4 Stealth


You had 2 spell levels left.
You didn't know any spells.
Your spell library contained the following spells:

 Spells                   Type           Power      Damage    Failure   Level
 Gell's Gravitas          Tloc           0%         N/A       54%         3
 Lesser Beckoning         Tloc           0%         N/A       54%         3
 Teleport Other           Tloc           0%         N/A       54%         3


Dungeon Overview and Level Annotations

Branches:
Dungeon (3/15)

Altars:

Annotations:
D:2 Terence


Innate Abilities, Weirdness & Mutations

You are very small and have problems with some larger weapons.
You are too small for most types of armour.
You have supernaturally acute eyesight. (SInv)
You cover ground extremely quickly. (Speed+++)


Message History

Fire: a) +0 shortbow
Press: ? - help, Q - select action Shift-Dir - straight line, f/p - Terence
Aim: Terence, wielding a +4 mace of draining and wearing a +0 scale mail (66% to hit)
You shoot an arrow.
The arrow hits Terence but does no damage.
Fire: a) +0 shortbow
Press: ? - help, Q - select action Shift-Dir - straight line, f/p - Terence
Aim: Terence, wielding a +4 mace of draining and wearing a +0 scale mail (66% to hit)
You shoot an arrow.
The arrow hits Terence but does no damage.
Terence shouts, "Get ready for death!"
Terence screams, "I'm going to kill you!"
There is a stone staircase leading down here.
Terence shouts, "Get ready for death!"
You are too injured to fight recklessly!
You are too injured to fight recklessly!
You are too injured to fight recklessly!
Fire: a) +0 shortbow
Press: ? - help, Q - select action Shift-Dir - straight line, f/p - Terence
Aim: Terence, wielding a +4 mace of draining and wearing a +0 scale mail (66% to hit)
You shoot an arrow. The arrow hits Terence.
Terence is moderately wounded.
Fire: a) +0 shortbow
Press: ? - help, Q - select action Shift-Dir - straight line, f/p - Terence
Aim: Terence, wielding a +4 mace of draining and wearing a +0 scale mail (moderately wounded, 66% to hit)
You shoot an arrow. The arrow hits Terence.
Terence is heavily wounded.
Fire: a) +0 shortbow
Press: ? - help, Q - select action Shift-Dir - straight line, f/p - Terence
Aim: Terence, wielding a +4 mace of draining and wearing a +0 scale mail (heavily wounded, 66% to hit)
You shoot an arrow. The arrow hits Terence.
Terence is severely wounded.
Fire: a) +0 shortbow
Press: ? - help, Q - select action Shift-Dir - straight line, f/p - Terence
Aim: Terence, wielding a +4 mace of draining and wearing a +0 scale mail (severely wounded, 66% to hit)
You shoot an arrow. The arrow barely misses Terence.
Terence hits you with a +4 mace of draining!
* * * LOW HITPOINT WARNING * * *
You feel drained.
You die...

#......................#....
######...........................
....#####.###..............##....
.....## #..##........#.###.###...
......# ##.##.##....##..>..####..
......# #.......#..#####...# ###
......# #######..........#.##
......# #......#####..#
......##########@@...........#
.......................#####.#
......########.###.#.#......>#
......####......##.#.##......#
........>..<..........#......#
......####......####.........#
รท...............# ####......#
.....#####......# #......# ....##
#......# #.....##


You could see Terence.

Vanquished Creatures
  2 worms (D:2)
  4 endoplasms
  3 giant cockroaches (D:1)
  A goblin (D:1)
  2 hobgoblins
  3 jackals (D:2)
  2 kobolds (D:1)
  A quokka (D:1)
  2 ball pythons
  4 bats
24 creatures vanquished.

Notes
Turn   | Place    | Note
-------+----------+-------------------------------------------
     0 | D:1      | zeram the Spriggan Hunter began the quest for the Orb.
     0 | D:1      | Reached XP level 1. HP: 10/10 MP: 2/2
   133 | D:1      | Found a faded altar of an unknown god.
   247 | D:1      | Reached XP level 2. HP: 9/14 MP: 3/3
  1061 | D:2      | Reached XP level 3. HP: 18/18 MP: 4/4
  1281 | D:3      | Noticed Terence
  1669 | D:2      | Slain by Terence

Illustrated notes

Levels and vault maps discovered:
D:1:      lemuel_arrival_cross, layout_basic, shapermc_ecumenical_altar_venn
D:2:      layout_rooms
D:3:      minmay_octagon_keep, layout_basic, mainiacjoe_overflow_alcove_2,
          uniq_natasha, uniq_terence

Skill      XL: |  1  2 |
---------------+-------+-----
Stealth        | 2 |  2.4
Dodging        | 3 |  3.0
Fighting       | |  1.5
Ranged Weapons | |  4.8

Action                   || total
-------------------------++-------
 Fire: Shortbow          ||    72
  Use: Scroll            ||     4
Armor: Robe              ||     3
Dodge: Dodged            ||    21
